 Dungeon Crawl Stone Soup version 0.20-a0-256-gabb291d (webtiles) character file.

3981 Jarlath the Thaumaturge (level 10, -4/50 HPs)
             Began as a Deep Elf Conjurer on Dec 1, 2016.
             Was an Initiate of Vehumet.
             Slain by a black bear (7 damage)
             ... on level 9 of the Dungeon.
             The game lasted 00:12:53 (12362 turns).

Jarlath the Thaumaturge (Deep Elf Conjurer)        Turns: 12362, Time: 00:12:54

Health: -4/50      AC:  7    Str:  5    XL:     10   Next: 2%
Magic:  12/39      EV: 15    Int: 24    God:    Vehumet [......]
Gold:   234        SH:  4    Dex: 15    Spells: 22/38 levels left

rFire  . . .     SeeInvis .     j - +1 dagger (flame)
rCold  . . .     Gourm    .     C - +0 robe of Death Resistance {rCorr}
rNeg   . . .     Faith    .     (no shield)
rPois  .         Spirit   .     m - +0 helmet
rElec  .         Reflect  +     w - +0 cloak "Seetzis" {-Tele rCorr MP+9} (curse)
rCorr  +         Harm     .     (no gloves)
MR     +....     NoTele   +     o - +2 pair of boots
Stlth  ++........               g - +4 amulet of reflection
                                f - +2 ring of evasion
                                e - ring of flight

@: no status effects
A: talons 1
a: Renounce Religion, Evoke Flight


You were on level 9 of the Dungeon.
You worshipped Vehumet.
Vehumet was noncommittal.
You were not hungry.

You visited 2 branches of the dungeon, and saw 10 of its levels.

You collected 328 gold pieces.
You spent 94 gold pieces at shops.

Inventory:

Hand Weapons
 j - a +1 dagger of flaming (weapon)
Armour
 k - a +0 cloak
 m - a +0 helmet (worn)
 o - a +2 pair of boots (worn)
 u - a -1 robe
 w - the cursed +0 cloak "Seetzis" (worn) {-Tele rCorr MP+9}
   (You found it on level 7 of the Dungeon)

   It affects your magic capacity (+9).
   It prevents most forms of teleportation.
   It protects you from acid and corrosion.
   It has a curse placed upon it.
 C - the +0 robe of Death Resistance (worn) {rCorr}
   (You found it on level 4 of the Dungeon)

   It protects you from acid and corrosion.
Jewellery
 e - a ring of flight (left hand)
 f - a +2 ring of evasion (right hand)
 g - a +4 amulet of reflection (around neck)
 y - an uncursed amulet of rage
Wands
 a - a wand of slowing (23/48)
 c - a wand of enslavement (14/24)
Scrolls
 i - 5 scrolls of identify
Potions
 l - a potion of haste
 q - a potion of mutation
 r - 2 potions of curing
 s - a potion of flight
 v - 2 potions of brilliance
Books
 b - a book of Conjurations

   Spells                             Type                      Level
   a - Magic Dart                     Conjuration                  1
   b - Searing Ray                    Conjuration                  2
   c - Dazzling Spray                 Conjuration/Hexes            3
   d - Fulminant Prism                Conjuration/Hexes            4
   e - Iskenderun's Mystic Blast      Conjuration                  4
   f - Iskenderun's Battlesphere      Conjuration/Charms           5
 p - a book of Cantrips

   Spells                             Type                      Level
   a - Confusing Touch                Hexes                        1
   b - Animate Skeleton               Necromancy                   1
   c - Summon Small Mammal            Summoning                    1
   d - Apportation                    Translocation                1
Comestibles
 d - a beef jerky
 h - a slice of pizza
 n - 5 meat rations
 t - 13 fruits


   Skills:
 - Level 2.4 Dodging
 - Level 2.4 Stealth
 + Level 14.9 Spellcasting
 - Level 9.1 Conjurations
 - Level 5.5 Charms


You had 22 spell levels left.
You knew the following spells:

 Your Spells              Type           Power        Failure   Level  Hunger
a - Magic Dart            Conj           ####         1%          1    None
b - Iskenderun's Mystic   Conj           ######..     1%          4    None
c - Iskenderun's Battles  Conj/Chrm      ######..     4%          5    ##.....
d - Fulminant Prism       Conj/Hex       #####.....   6%          4    None
e - Searing Ray           Conj           ######       1%          2    None


Dungeon Overview and Level Annotations

Branches:
Dungeon (9/15)             Temple (1/1) D:5
   Lair: D:8-11         Orc: D:9-12

Altars:
Ashenzari
Cheibriados
Dithmenos
Elyvilon
Gozag
Hepliaklqana
Makhleb
Nemelex Xobeh
Okawaru
Qazlal
Ru
Sif Muna
Trog
Uskayaw
Vehumet
Xom
Yredelemnul
Zin
The Shining One

Shops:
D:4 :?(*   D:6 }


Innate Abilities, Weirdness & Mutations

You have sharp toenails.


Message History

The orc hits you with a flail of holy wrath.
* * * LOW HITPOINT WARNING * * *
Unknown command.
The black bear closely misses you. The black bear misses you.
The black bear claws you but does no damage.
The black bear barely misses you. The black bear claws you.
* * * LOW HITPOINT WARNING * * *
The black bear claws you but does no damage.
The orc misses you.
Unknown command.
The black bear misses you. The black bear completely misses you.
The black bear claws you but does no damage.
The black bear bites you.
* * * LOW HITPOINT WARNING * * *
The black bear closely misses you.
The black bear claws you but does no damage.
The orc closely misses you. The black bear misses you.
The black bear barely misses you. x2
The black bear bites you!
You die...

#### ##.... #?....
#.....########
..P_.........# #
..P..........### ...
.......<...){hh##.....
##..........ยง#@o......
#..........h###......
#.......h#### ..###
#........# ...
#........# ...
########.. .. #... .
##.


You could see 2 black bears and an orc (inner flame).

Vanquished Creatures
  Grinder (D:6)
  Eustachio (D:6)
  Sigmund (D:5)
  A warg (D:9)
  Menkaure (D:6)
  Duvessa (D:6)
  2 orc warriors (D:6)
  A sky beast (D:6)
  3 ice beasts
  2 centaurs (D:6)
  6 ogres
  Blork the orc (D:5)
  5 bullfrogs
  A wyvern zombie (D:7)
  A scorpion (D:5)
  Dowan (D:6)
  A killer bee (D:8)
  5 wights
  3 howler monkeys (D:8)
  5 crimson imps
  3 jellies
  A quasit (D:8)
  7 orc priests
  2 centaur zombies (D:5)
  3 orc wizards
  A centaur skeleton (D:5)
  An iguana (D:7)
  A worker ant (D:4)
  2 hound zombies
  7 gnolls
  9 adders
  A shadow imp (D:4)
  An ooze (D:6)
  2 adder skeletons (D:6)
  An adder zombie (D:6)
  2 worms
  A dart slug (D:2)
  7 leopard geckos
  23 orcs
  3 ball pythons
  6 bats
  5 giant cockroaches
  5 goblins
  3 hobgoblins
  4 jackals (D:5)
  6 quokkas
  2 frilled lizards
  4 kobolds
  2 leopard gecko zombies (D:7)
  7 rats
165 creatures vanquished.

Vanquished Creatures (others)
  A fulminant prism (D:6)
1 creature vanquished.

Grand Total: 166 creatures vanquished

Notes
Turn   | Place    | Note
-------+----------+-------------------------------------------
     0 | D:1      | Jarlath the Deep Elf Conjurer began the quest for the Orb.
     0 | D:1      | Reached XP level 1. HP: 10/10 MP: 6/6
   547 | D:2      | Reached XP level 2. HP: 15/15 MP: 2/8
   864 | D:2      | Reached skill level 5 in Conjurations
  1286 | D:3      | Reached XP level 3. HP: 5/19 MP: 7/10
  1300 | D:4      | Found Roluf's Book Shoppe.
  1300 | D:4      | Found Yvved's Antique Weapon Shoppe.
  1300 | D:4      | Found Pasy's Magic Scroll Shoppe.
  1300 | D:4      | Found Bokhirahe's General Store.
  1311 | D:4      | Reached skill level 4 in Spellcasting
  1765 | D:4      | Bought a scroll of teleportation for 39 gold pieces
  1830 | D:4      | Noticed an ice beast
  1848 | D:4      | Reached XP level 4. HP: 24/24 MP: 6/12
  1857 | D:4      | Learned a level 4 spell: Iskenderun's Mystic Blast
  2142 | D:4      | Killed an ice beast
  2142 | D:4      | Reached XP level 5. HP: 28/28 MP: 0/14
  2530 | D:3      | Learned a level 5 spell: Iskenderun's Battlesphere
  3118 | D:3      | Reached skill level 5 in Spellcasting
  3470 | D:4      | Learned a level 4 spell: Fulminant Prism
  3600 | D:4      | Noticed an ogre
  3834 | D:4      | Bought a scroll of remove curse for 33 gold pieces
  3834 | D:4      | Bought a scroll of identify for 22 gold pieces
  3902 | D:4      | Got a heavy robe
  3922 | D:4      | Killed an ogre
  3922 | D:4      | Reached XP level 6. HP: 32/32 MP: 0/16
  3944 | D:4      | Identified the +0 robe of Death Resistance {rCorr} (You found it on level 4 of the Dungeon)
  4110 | D:4      | Got a smoking robe
  4121 | D:4      | Identified the cursed -5 robe of Misfortune {-Cast *Contam *Tele *Drain EV-5 Stlth-- *Curse} (You found it on level 4 of the Dungeon)
  4136 | D:4      | Gained mutation: You have sharp toenails. [potion of beneficial mutation]
  4850 | D:5      | Entered Level 5 of the Dungeon
  5052 | D:5      | Noticed an ice beast
  5393 | D:5      | Reached skill level 6 in Spellcasting
  5393 | D:5      | Reached XP level 7. HP: 36/36 MP: 2/18
  5688 | D:5      | Noticed Blork the orc
  6285 | D:5      | Reached skill level 7 in Spellcasting
  6462 | D:5      | Found a staircase to the Ecumenical Temple.
  6543 | D:5      | Killed Blork the orc
  6604 | Temple   | Entered the Ecumenical Temple
  6889 | D:5      | Noticed Sigmund
  7002 | D:5      | Reached XP level 8. HP: 40/41 MP: 18/21
  7017 | D:5      | Killed Sigmund
  7394 | D:5      | Reached skill level 8 in Spellcasting
  7394 | D:5      | Reached skill level 5 in Charms
  7979 | D:6      | Reached skill level 9 in Spellcasting
  8257 | D:6      | Noticed Menkaure
  8258 | D:6      | Killed Menkaure
  8291 | D:6      | Found Apuvue's Gadget Emporium.
  8300 | D:6      | Reached skill level 10 in Spellcasting
  8479 | D:6      | Noticed Grinder
  8494 | D:6      | Paralysed by Grinder for 3 turns
  8496 | D:6      | Noticed Eustachio
  8700 | D:6      | Killed Grinder
  8700 | D:6      | Reached skill level 11 in Spellcasting
  8700 | D:6      | Reached XP level 9. HP: 45/45 MP: 8/26
  9507 | D:6      | Reached skill level 12 in Spellcasting
  9536 | D:6      | Killed Eustachio
  9999 | D:6      | Noticed Dowan
 10000 | D:6      | Noticed Duvessa
 10012 | D:6      | Killed Dowan
 10012 | D:6      | Reached skill level 13 in Spellcasting
 10020 | D:6      | Killed Duvessa
 10246 | D:7      | Found a deep blue altar of Sif Muna.
 11131 | D:7      | Found a radiant altar of Vehumet.
 11131 | D:7      | Found a stormy altar of Qazlal.
 11133 | D:7      | Reached skill level 14 in Spellcasting
 11142 | D:7      | Found a burning altar of Makhleb.
 11144 | D:7      | Found a glowing silver altar of Zin.
 11145 | D:7      | Found a glowing golden altar of the Shining One.
 11155 | D:7      | Became a worshipper of Vehumet
 11194 | D:7      | Got a twisted cloak
 11205 | D:7      | Identified the cursed +0 cloak "Seetzis" {-Tele rCorr MP+9} (You found it on level 7 of the Dungeon)
 12301 | D:8      | Learned a level 2 spell: Searing Ray
 12337 | D:9      | Found a bloodstained altar of Trog.
 12350 | D:9      | Reached XP level 10. HP: 35/50 MP: 9/30
 12361 | D:9      | HP: 2/50 [black bear (3)]
 12362 | D:9      | Slain by a black bear

Vault maps used:
D:1:      scummos_arrival_simple_crosswalls
D:2:      minmay_crystal_water
D:3:      minmay_misc_feat_roman
D:4:      minmay_shop_grid_forest, kennysheep_generic_room_16
D:5:      first_bread, uniq_sigmund, uniq_blork_the_orc
D:6:      serial_shops, nicolae_shop_stone, uniq_eustachio, uniq_grinder,
          uniq_duvessa, uniq_menkaure
D:7:      lemuel_crystal_altar, chequers_temple_overflow_minitemple
D:8:      serial_shops, kennysheep_mini_moat
D:9:      grunt_temple_overflow_growth_and_decay, trog_ov_bears_minmay,
          erik_lair_orcish_takeover, orc_0_dummy, enter_bailey_3,
          minmay_misc_feat_columns
Temple:   nicolae_temple_x_marks_the_god

Skill      XL: |  1  2  3  4  5  6  7  8  9 |
---------------+----------------------------+-----
Conjurations   | 5 6 7 8 9 |  9.1
Spellcasting   | 4 5 6 7 11 14 | 14.9
Charms         | 3 5 |  5.5
Dodging        | |  2.4
Stealth        | |  2.4

Action                   |  1- 3 |  4- 6 |  7- 9 | 10-12 || total
-------------------------+-------+-------+-------+-------++-------
Melee: Dagger            |    29 |     1 |    54 |       ||    84
       Kick              |       |       |    11 |       ||    11
 Cast: Magic Dart        |    41 |    39 |    56 |       ||   136
       Iskenderun's Myst |       |    28 |   143 |     1 ||   172
       Iskenderun's Batt |       |       |     3 |       ||     3
       Fulminant Prism   |       |       |     1 |       ||     1
Evoke: Wand              |       |       |     2 |       ||     2
  Use: Scroll            |     1 |    13 |     2 |     1 ||    17
       Potion            |       |     8 |     2 |       ||    10
 Stab: Sleeping          |     1 |       |       |       ||     1
  Eat: Royal jelly       |     1 |       |       |       ||     1
       Chunk             |       |     7 |     3 |       ||    10
       Bread ration      |       |     2 |     4 |       ||     6
       Meat ration       |       |       |     1 |       ||     1
Armor: Leather armour    |     3 |       |       |       ||     3
       Robe              |       |     2 |    22 |    19 ||    43
Dodge: Dodged            |    36 |     6 |    81 |    38 ||   161
Block: Other             |    12 |     2 |    19 |     5 ||    38
       Reflection        |     2 |       |     2 |       ||     4
